 Dungeon Crawl Stone Soup version 0.22.1-1-ga44c0e56f4 (webtiles) character file.

101833 Naru the Warrior (level 15, -3/155 HPs)
             Began as a Minotaur Fighter on Oct 26, 2018.
             Was the Champion of Okawaru.
             Slain by a large abomination (17 damage)
             ... created by a deep elf high priest
             ... on level 1 of the Elven Halls on Oct 28, 2018.
             The game lasted 01:14:06 (24035 turns).

Naru the Warrior (Minotaur Fighter)                Turns: 24035, Time: 01:14:06

Health: -3/155     AC: 25    Str: 26    XL:     15   Next: 84%
Magic:  17/18      EV:  8    Int:  5    God:    Okawaru [******]
Gold:   1798       SH: 14    Dex: 14    Spells: 14/14 levels left

rFire    . . .     SeeInvis .   S - +8 broad axe of the Realm of Zot {venom, rC+}
rCold    + . .     Gourm    .   c - +0 shield
rNeg     . . .     Faith    .   g - +0 plate armour
rPois    .         Spirit   .   (helmet unavailable)
rElec    .         Reflect  .   L - +2 cloak {MR+}
rCorr    .         Harm     .   I - +1 pair of gloves {Str+3}
MR       ++...                  n - +1 pair of boots
Stlth    ..........             U - amulet of regeneration
HPRegen  0.75/turn              (no ring)
MPRegen  0.16/turn              E - +3 ring of protection

@: no status effects
A: retaliatory headbutt, horns 3, MP-powered wands
a: Heroism, Finesse, Renounce Religion


You were on level 1 of the Elven Halls.
You worshipped Okawaru.
Okawaru was exalted by your worship.
You were not hungry.

You visited 5 branches of the dungeon, and saw 25 of its levels.

You collected 2181 gold pieces.
You spent 383 gold pieces at shops.

Inventory:

Hand Weapons
 S - the +8 broad axe of the Realm of Zot (weapon) {venom, rC+}
   (Okawaru gifted it to you on level 2 of the Orcish Mines)

   It poisons the flesh of those it strikes.
   It protects you from cold.
 W - the +7 hand axe of Aqihax {freeze, rElec}
   (Okawaru gifted it to you on level 14 of the Dungeon)

   It has been specially enchanted to freeze those struck by it, causing extra
   injury to most foes and up to half again as much damage against particularly
   susceptible opponents.
   It can also slow down cold-blooded creatures.
   It insulates you from electricity.
Missiles
 p - 36 tomahawks (quivered)
 r - 256 bolts
 w - 7 javelins of returning
Armour
 c - a +0 shield (worn)
 g - a +0 plate armour (worn)
 n - a +1 pair of boots (worn)
 I - a +1 pair of gloves of strength (worn)
 L - a +2 cloak of magic resistance (worn)
 M - the +5 scale mail of the Evening {*Slow rElec Int+2}
   (Okawaru gifted it to you on level 4 of the Lair of Beasts)

   It affects your intelligence (+2).
   It insulates you from electricity.
   It may slow you when you take damage.
Jewellery
 t - an uncursed ring of ice
 u - an uncursed ring of fire
 E - a +3 ring of protection (right hand)
 U - an amulet of regeneration (around neck)
Wands
 l - a wand of acid (19)
 s - a wand of flame (72)
 D - a wand of polymorph (20)
 F - a wand of clouds (7)
 H - a wand of scattershot (3)
 J - a wand of disintegration (15)
 Q - a wand of paralysis (25)
Scrolls
 d - 7 scrolls of identify
 e - 10 scrolls of remove curse
 h - 4 scrolls of enchant weapon
 k - 5 scrolls of amnesia
 x - a scroll of enchant armour
 y - 9 scrolls of teleportation
 C - 4 scrolls of magic mapping
 R - a scroll of fog
Potions
 b - a potion of resistance
 i - 2 potions of invisibility
 j - 2 potions of mutation
 m - 7 potions of lignification
 q - 10 potions of curing
 v - 2 potions of flight
 z - 4 potions of degeneration
 A - 2 potions of cancellation
 G - 5 potions of haste
 N - a potion of agility
Miscellaneous
 K - a lightning rod (1/4)
 V - a lightning rod (1/4)
Comestibles
 f - 39 rations


   Skills:
 * Level 19.9 Fighting
 - Level 18.0 Axes
 - Level 10.1 Armour
 + Level 2.2 Dodging
 - Level 0.9 Stealth
 - Level 15.0 Shields
 * Level 5.5 Invocations


You had 14 spell levels left.
You didn't know any spells.
Your spell library contained the following spells:

 Spells                   Type           Power        Failure   Level  Hunger
 Apportation              Tloc           #.....       99%         1    ##.....
 Magic Dart               Conj           #...         99%         1    ##.....
 Sandblast                Erth           #.....       99%         1    ##.....
 Sting                    Conj/Pois      #...         99%         1    ##.....
 Summon Butterflies       Summ           #.......     99%         1    ##.....
 Passwall                 Tmut/Erth      #.......     100%        2    ###....
 Poisonous Vapours        Pois/Air       #.....       100%        2    ###....
 Searing Ray              Conj           #.....       100%        2    ###....
 Dazzling Spray           Conj/Hex       #.....       100%        3    ####...
 Ignite Poison            Fire/Tmut/Pois #.......     100%        3    ####...
 Lesser Beckoning         Tloc           #.........   100%        3    ####...
 Mephitic Cloud           Conj/Pois/Air  #.......     100%        3    ####...
 Static Discharge         Conj/Air       #.......     100%        3    ####...
 Stone Arrow              Conj/Erth      #.....       100%        3    ####...
 Tukima's Dance           Hex            #.......     100%        3    ####...
 Force Lance              Conj/Tloc      #.......     100%        4    #####..
 Fulminant Prism          Conj/Hex       #.........   100%        4    #####..
 Iskenderun's Mystic Bla  Conj           #.......     100%        4    #####..
 Olgreb's Toxic Radiance  Pois           #.......     100%        4    #####..
 Petrify                  Tmut/Erth      #.......     100%        4    #####..
 Alistair's Intoxication  Tmut/Pois      #.......     100%        5    ######.
 Fireball                 Conj/Fire      #.........   100%        5    ######.
 Lee's Rapid Deconstruct  Erth           #.........   100%        5    ######.
 Lightning Bolt           Conj/Air       #.........   100%        5    ######.
 Venom Bolt               Conj/Pois      #.........   100%        5    ######.
 Bolt of Fire             Conj/Fire      #.........   100%        6    #######
 Invisibility             Hex            #.......     100%        6    #######
 Ring of Flames           Chrm/Fire      #.........   100%        7    #######
 Ignition                 Fire           #.........   100%        8    #######
 Shatter                  Erth           #.........   100%        9    #######
 Tornado                  Air            #.........   100%        9    #######


Dungeon Overview and Level Annotations

Branches:
Dungeon (15/15)            Temple (1/1) D:7            Lair (6/6) D:9
 Shoals (0/4) Lair:2       Spider (0/4) Lair:4        Slime (0/5) Lair:6
    Orc (2/2) D:11            Elf (1/3) Orc:2        Vaults (0/5) D:14
 Depths (0/5) D:15

Altars:
Ashenzari
Cheibriados
Dithmenos
Elyvilon
Fedhas
Gozag
Hepliaklqana
Kikubaaqudgha
Makhleb
Nemelex Xobeh
Okawaru
Qazlal
Ru
Sif Muna
Trog
Uskayaw
Vehumet
Wu Jian
Xom
Yredelemnul
Zin
The Shining One
Beogh

Shops:
D:7 *   D:9 (   Orc:2 ?}[(


Innate Abilities, Weirdness & Mutations

You reflexively headbutt those who attack you in melee.
You have a pair of large horns on your head.
You expend magic power (3 MP) to strengthen your wands.


Message History

You headbutt the large abomination, but do no damage.
You slice the large abomination!!
The large abomination is heavily damaged.
You slice the large abomination!! The large abomination hits you!
* * * LOW HITPOINT WARNING * * *
You closely miss the large abomination. You headbutt the large abomination.
The large abomination is heavily damaged.
You hit the large abomination but do no damage.
The large abomination misses you.
You hit the large abomination but do no damage.
The large abomination is heavily damaged.
You slash the large abomination!
You block the large abomination's attack.
Unknown command.
You slash the large abomination!
The large abomination is heavily damaged.
You slash the large abomination!
You block the large abomination's attack.
The large abomination hits you!
You die...

#...#.≈≈≈)≈..<
##.....≈≈≈)≈...
#......≈≈≈≈≈...
##)..#..≈≈≈....
##'...#..≈≈≈...#
##)##+###########
##)## #X## ## #@#
#88#88#X#
......))#
......')#
#..#..#.#
.$....'.#
e$....'.# #..#.
#.# ..... '.+


You could see 2 large abominations.

Vanquished Creatures
  4 orc warlords
  A frost giant (D:13)
  A deep elf demonologist (Elf:1)
  Nessos (D:14)
  Azrael (D:14)
  5 dire elephants (Lair:6)
  Snorg (D:14)
  An ettin (D:14)
  Harold (D:10)
  2 deep elf high priests (Elf:1)
  An ogre mage (D:15)
  7 hydras
  8 two-headed ogres
  A centaur warrior (D:11)
  Erica (D:8)
  2 catoblepae
  An anaconda (Lair:6)
  A dancing weapon (Elf:1)
  2 orc high priests (Orc:2)
  5 death yaks
  A shock serpent (shapeshifter) (Elf:1)
  2 deep elf knights (Elf:1)
  An unseen horror (D:15)
  A wizard (D:15)
  5 deep elf archers
  3 orc knights (Orc:2)
  7 ugly things
  An orb spider (shapeshifter) (D:13)
  7 deep elf magi
  4 orc sorcerers
  A manticore (D:13)
  2 cyclopes
  13 elephants
  2 black mambas
  A guardian serpent (shapeshifter) (D:14)
  A merfolk siren (Lair:2)
  10 spiny frogs
  2 torpor snails (Lair:4)
  A gargoyle (D:13)
  A rime drake (shapeshifter) (D:14)
  5 komodo dragons
  A rime drake (D:9)
  A kobold demonologist (D:12)
  9 trolls
  6 polar bears
  A polar bear (shapeshifter) (D:14)
  A hornet (D:13)
  18 blink frogs
  Prince Ribbit (Lair:3)
  Grinder (D:3)
  14 slime creatures
  4 dream sheep
  14 hippogriffs
  A spriggan (Lair:2)
  4 wyverns
  3 hogs (D:11)
  3 wraiths
  A redback (Lair:4)
  A vampire (D:13)
  2 fire elementals (D:14)
  50 yaks
  A hungry ghost (D:11)
  A human (D:11)
  2 steam dragons
  2 water elementals (Elf:1)
  2 basilisks
  2 vampire mosquitoes (D:15)
  3 wargs
  An acid dragon (D:13)
  Edmund (D:4)
  4 hell hounds (D:14)
  6 porcupines
  8 water moccasins
  41 orc warriors
  5 ice beasts
  3 sky beasts
  2 black bears
  An eye of draining (D:10)
  3 necrophages
  8 wolves
  A phantom (D:11)
  9 ogres
  9 centaurs
  12 crocodiles
  7 big kobolds
  The ghost of roosipov the Firebug, an amateur DEFE (D:3)
  16 bullfrogs
  8 gnoll sergeants
  4 wyvern zombies
  2 scorpions
  4 wights
  5 crimson imps
  3 howler monkeys (D:11)
  2 centaur zombies
  A bullfrog zombie (D:12)
  11 jellies
  5 quasits
  8 hounds
  23 orc priests
  2 centaur skeletons
  A gnoll shaman (Orc:2)
  27 orc wizards
  2 bullfrog skeletons
  4 iguanas
  8 hell rats (Lair:1)
  10 worker ants
  2 hound zombies
  A howler monkey skeleton (D:6)
  26 gnolls
  9 adders
  8 river rats (Lair:1)
  4 shadow imps
  8 oozes (Lair:3)
  An adder zombie (D:6)
  A worm (D:3)
  A dart slug (D:3)
  5 leopard geckos
  100 orcs
  6 giant cockroaches
  8 goblins
  11 hobgoblins
  35 jackals
  16 kobolds
  9 quokkas
  10 bats
  6 frilled lizards
  A jackal skeleton (D:7)
  A jackal zombie (D:3)
  A quokka skeleton (D:4)
  A quokka zombie (D:7)
  21 rats
  A butterfly (D:7)
  A crawling corpse (Elf:1)
  8 plants
837 creatures vanquished.

Vanquished Creatures (others)
  An orc priest (Elf:1)
  A bush (D:14)
  14 fungi
  7 plants
23 creatures vanquished.

Grand Total: 860 creatures vanquished

Notes
Turn   | Place    | Note
-------+----------+-------------------------------------------
     0 | D:1      | Naru the Minotaur Fighter began the quest for the Orb.
     0 | D:1      | Reached XP level 1. HP: 19/19 MP: 0/0
   130 | D:1      | Reached XP level 2. HP: 25/27 MP: 1/1
   297 | D:1      | Reached skill level 4 in Fighting
   449 | D:1      | Reached XP level 3. HP: 33/33 MP: 2/2
   795 | D:2      | Found a blossoming altar of Fedhas.
  1251 | D:2      | Reached XP level 4. HP: 35/40 MP: 3/3
  1506 | D:3      | Noticed Grinder
  1508 | D:3      | Noticed a centaur
  1521 | D:3      | Killed a centaur
  1521 | D:3      | Reached skill level 1 in Dodging
  1521 | D:3      | Reached XP level 5. HP: 32/46 MP: 4/4
  1539 | D:3      | Killed Grinder
  1539 | D:3      | Reached skill level 5 in Axes
  1539 | D:3      | Reached skill level 5 in Shields
  1539 | D:3      | Reached XP level 6. HP: 35/53 MP: 5/5
  1718 | D:3      | Found a transporter.
  1726 | D:3      | Noticed roosipov's ghost (amateur DEFE)
  1769 | D:3      | Found a transporter.
  2345 | D:3      | Killed roosipov's ghost
  2348 | D:3      | Reached XP level 7. HP: 15/60 MP: 6/6
  2782 | D:4      | Got a scorched chain mail
  2799 | D:4      | Noticed Edmund
  2814 | D:4      | Killed Edmund
  2814 | D:4      | Reached skill level 5 in Fighting
  2814 | D:4      | Reached skill level 5 in Armour
  2889 | D:4      | Identified the cursed +1 chain mail of Biwkip {rF+ rC-
                  | Int+6} (You found it on level 4 of the Dungeon)
  3005 | D:4      | Gained mutation: You have a pair of large horns on your
                  | head. [potion of mutation]
  3005 | D:4      | Gained mutation: You expend magic power (3 MP) to
                  | strengthen your wands. [potion of mutation]
  3322 | D:4      | Found a shimmering altar of Xom.
  3333 | D:4      | Found a shimmering altar of Xom.
  3333 | D:4      | Found a shattered altar of Ashenzari.
  3338 | D:4      | Found a shimmering altar of Xom.
  3338 | D:4      | Found a hazy altar of Hepliaklqana.
  3338 | D:4      | Found an opulent altar of Gozag.
  3651 | D:5      | Entered Level 5 of the Dungeon
  4639 | D:6      | Reached XP level 8. HP: 54/69 MP: 7/7
  4895 | D:6      | Reached skill level 6 in Fighting
  5343 | D:7      | Reached XP level 9. HP: 59/78 MP: 8/8
  5367 | D:7      | Reached skill level 10 in Axes
  5469 | D:7      | Reached skill level 7 in Fighting
  5551 | D:7      | Found Raorph's Assorted Antiques.
  5580 | D:7      | Bought a steel ring for 155 gold pieces
  5662 | D:7      | Found a staircase to the Ecumenical Temple.
  5682 | Temple   | Entered the Ecumenical Temple
  5742 | Temple   | Became a worshipper of Warmaster Okawaru
  6448 | D:8      | Reached * piety under Okawaru
  7000 | D:9      | Noticed Erica
  7000 | D:9      | Noticed a two-headed ogre
  7177 | D:8      | Killed Erica
  7192 | D:9      | Killed a two-headed ogre
  7192 | D:9      | Reached ** piety under Okawaru
  7192 | D:9      | Reached skill level 8 in Fighting
  7192 | D:9      | Reached XP level 10. HP: 84/88 MP: 9/9
  7198 | D:9      | Found a staircase to the Lair.
  7222 | D:9      | You fall through a shaft!
  7222 | D:10     | Entered Level 10 of the Dungeon
  7245 | D:10     | Reached *** piety under Okawaru
  7316 | D:9      | Found a white marble altar of Elyvilon.
  7547 | D:9      | Found Ygra's Antique Weapon Shop.
  7578 | D:9      | Bought a runed broad axe for 189 gold pieces
  7754 | Lair:1   | Entered Level 1 of the Lair of Beasts
  7755 | Lair:1   | Noticed a spiny frog
  7768 | D:9      | Killed a spiny frog
  7768 | D:9      | Reached skill level 10 in Shields
  7821 | D:9      | Reached **** piety under Okawaru
  7836 | D:9      | Reached skill level 9 in Fighting
  8275 | Lair:1   | Noticed a spiny frog
  8282 | Lair:1   | Killed a spiny frog
  8282 | Lair:1   | Reached XP level 11. HP: 97/97 MP: 10/10
  8314 | Lair:1   | Reached ***** piety under Okawaru
  8318 | Lair:1   | Noticed a seven-headed hydra
  8333 | Lair:1   | Killed a 13-headed hydra
  9853 | Lair:2   | Reached skill level 10 in Fighting
 10297 | Lair:2   | Found a staircase to the Shoals.
 10341 | Lair:2   | Reached skill level 15 in Axes
 10592 | Lair:2   | Reached ****** piety under Okawaru
 10975 | Lair:2   | Noticed a death yak
 10985 | Lair:2   | Killed a death yak
 10985 | Lair:2   | Reached XP level 12. HP: 100/107 MP: 11/11
 10986 | Lair:2   | Received a gift from Okawaru
 11231 | Lair:3   | Noticed Prince Ribbit
 11266 | Lair:3   | Killed Prince Ribbit
 11569 | Lair:3   | Reached skill level 11 in Fighting
 11684 | Lair:3   | Noticed a five-headed hydra
 11692 | Lair:3   | Killed a six-headed hydra
 11714 | Lair:3   | Noticed an eight-headed hydra
 11721 | Lair:3   | Killed a ten-headed hydra
 12284 | Lair:4   | Noticed a catoblepas
 12313 | Lair:4   | Killed a catoblepas
 12322 | Lair:4   | Found a hole to the Spider Nest.
 12384 | Lair:4   | Received a gift from Okawaru
 12387 | Lair:4   | Got a scorched scale mail {god gift}
 12391 | Lair:4   | Identified the +5 scale mail of the Evening {*Slow rElec
                  | Int+2} (Okawaru gifted it to you on level 4 of the Lair of
                  | Beasts)
 12419 | Lair:4   | Noticed a five-headed hydra
 12435 | Lair:4   | Killed a 12-headed hydra
 12769 | Lair:4   | Reached skill level 12 in Fighting
 12771 | Lair:4   | Reached XP level 13. HP: 102/118 MP: 12/12
 14198 | Lair:6   | Entered Level 6 of the Lair of Beasts
 14213 | Lair:6   | Received a gift from Okawaru
 14875 | Lair:6   | Reached skill level 13 in Fighting
 14981 | Lair:6   | Found a staircase to the Slime Pits.
 15490 | Lair:6   | Noticed a dire elephant
 15490 | Lair:6   | Noticed a dire elephant
 15514 | Lair:6   | Killed a dire elephant
 15519 | Lair:6   | Killed a dire elephant
 15533 | Lair:6   | Got a scorched turquoise ring
 15718 | Lair:6   | Identified the ring "Vohot" {*Corrode +Blink Str+2 Int+3
                  | Dex+3} (You found it on level 6 of the Lair of Beasts)
 15819 | Lair:6   | Noticed a dire elephant
 15837 | Lair:6   | Killed a dire elephant
 15890 | Lair:6   | Received a gift from Okawaru
 15894 | Lair:6   | Reached skill level 10 in Armour
 15965 | Lair:6   | Noticed a dire elephant
 15975 | Lair:6   | Killed a dire elephant
 15975 | Lair:6   | Received a gift from Okawaru
 15975 | Lair:6   | Reached XP level 14. HP: 71/130 MP: 13/13
 16274 | D:10     | Noticed Harold
 16288 | D:10     | Killed Harold
 16311 | D:10     | Reached skill level 14 in Fighting
 16339 | D:10     | Got an ancient hand axe {antimagic}
 16343 | D:10     | Identified the cursed +1 hand axe of Sexoel {antimagic, rN+
                  | Int+5} (You took it off an orc on level 10 of the Dungeon)
 16809 | D:10     | Found an iron altar of Okawaru.
 17111 | D:11     | Reached skill level 15 in Shields
 17686 | D:11     | Found a staircase to the Orcish Mines.
 17704 | D:11     | Reached skill level 15 in Fighting
 17719 | D:11     | Received a gift from Okawaru
 18422 | D:12     | Reached skill level 1 in Invocations
 18552 | D:12     | Found an opulent altar of Gozag.
 19390 | D:13     | Reached skill level 16 in Fighting
 19406 | D:13     | Noticed a frost giant
 19413 | D:13     | Killed a frost giant
 19870 | D:14     | Found a stormy altar of Qazlal.
 20027 | D:14     | Found a gate to the Vaults.
 20193 | D:14     | Received a gift from Okawaru
 20194 | D:14     | Got a steaming hand axe {god gift}
 20206 | D:14     | Reached skill level 17 in Fighting
 20242 | D:14     | Identified the +7 hand axe of Aqihax {freeze, rElec}
                  | (Okawaru gifted it to you on level 14 of the Dungeon)
 20364 | D:14     | Noticed Snorg
 20365 | D:14     | Noticed Azrael
 20404 | D:14     | Killed Snorg
 20436 | D:14     | Killed Azrael
 20436 | D:14     | Reached XP level 15. HP: 98/147 MP: 13/16
 20453 | D:14     | Noticed Nessos
 20470 | D:14     | Killed Nessos
 20982 | D:15     | Entered Level 15 of the Dungeon
 21080 | D:15     | Paralysed by an orc sorcerer for 5 turns
 21120 | D:14     | HP: 4/148 [ettin/dire flail (40)]
 21529 | D:15     | Found a staircase to the Depths.
 21567 | D:15     | Reached skill level 18 in Fighting
 22027 | Orc:1    | Entered Level 1 of the Orcish Mines
 22029 | Orc:1    | Noticed an orc warlord
 22181 | Orc:1    | Killed an orc warlord
 22483 | Orc:2    | Entered Level 2 of the Orcish Mines
 22597 | Orc:2    | Received a gift from Okawaru
 22815 | Orc:2    | Found a roughly hewn altar of Beogh.
 22819 | Orc:2    | Found Bedgh's Magic Scroll Emporium.
 22834 | Orc:2    | Bought a scroll of teleportation for 39 gold pieces
 23000 | Orc:2    | Found a roughly hewn altar of Beogh.
 23015 | Orc:2    | Found Butiwone's Gadget Emporium.
 23046 | Orc:2    | Found a roughly hewn altar of Beogh.
 23102 | Orc:2    | Noticed an orc warlord
 23126 | Orc:2    | Killed an orc warlord
 23153 | Orc:2    | Found a staircase to the Elven Halls.
 23165 | Orc:2    | Found a roughly hewn altar of Beogh.
 23383 | Orc:2    | Noticed an orc warlord
 23391 | Orc:2    | Reached skill level 19 in Fighting
 23405 | Orc:2    | Killed an orc warlord
 23517 | Orc:2    | Found a roughly hewn altar of Beogh.
 23551 | Orc:2    | Received a gift from Okawaru
 23556 | Orc:2    | Got an ebony broad axe {god gift}
 23575 | Orc:2    | Identified the +8 broad axe of the Realm of Zot {venom,
                  | rC+} (Okawaru gifted it to you on level 2 of the Orcish
                  | Mines)
 23598 | Orc:2    | Found Serricoa's Antique Weapon Shop.
 23598 | Orc:2    | Found a roughly hewn altar of Beogh.
 23599 | Orc:2    | Found Oxan's Antique Armour Boutique.
 23642 | Orc:2    | Noticed an orc warlord
 23658 | Orc:2    | Killed an orc warlord
 23743 | Orc:2    | Found a roughly hewn altar of Beogh.
 23877 | Elf:1    | Entered Level 1 of the Elven Halls
 23881 | Elf:1    | Reached skill level 5 in Invocations
 23982 | Elf:1    | Received a gift from Okawaru
 24004 | Elf:1    | Noticed a Brimstone Fiend
 24026 | Elf:1    | HP: 3/155 [large abomination[a deep elf high priest] (16)]
 24035 | Elf:1    | Slain by a large abomination

Skill      XL: |  1  2  3  4  5  6  7  8  9 10 11 12 13 14 15 |
---------------+----------------------------------------------+-----
Shields        | 4 5 6 7 9 10 12 14 15 | 15.0
Fighting       | 4 5 6 8 9 10 12 13 17 19 | 19.9
Axes           | 3 4 5 6 7 9 12 13 15 17 18 | 18.0
Armour         | 4 5 6 7 8 10 | 10.1
Dodging        | 1 2 |  2.2
Invocations    | 3 5 |  5.5
Stealth        | |  0.9

Action                   |  1- 3 |  4- 6 |  7- 9 | 10-12 | 13-15 || total
-------------------------+-------+-------+-------+-------+-------++-------
Melee: War axe           |   121 |   126 |   326 |    46 |       ||   619
       Headbutt          |    11 |    11 |    72 |   161 |   421 ||   676
       Broad axe         |       |       |       |   467 |   863 ||  1330
       Hand axe          |       |       |       |       |   373 ||   373
Invok: Heroism           |       |       |       |       |    10 ||    10
       Finesse           |       |       |       |       |     5 ||     5
Evoke: Wand              |       |       |       |     7 |    15 ||    22
       Lightning rod     |       |       |       |       |    10 ||    10
  Use: Potion            |       |     1 |     2 |     1 |     9 ||    13
       Scroll            |       |       |    12 |     3 |    16 ||    31
  Eat: Chunk             |     1 |     4 |    14 |    11 |    24 ||    54
       Ration            |       |       |     1 |     2 |     4 ||     7
Armor: Scale mail        |    48 |       |       |       |       ||    48
       Chain mail        |     8 |       |     9 |       |       ||    17
       Plate armour      |     5 |   194 |   194 |   310 |   390 ||  1093
Dodge: Dodged            |    44 |    52 |    65 |   130 |   182 ||   473
Block: Shield            |    78 |   119 |   183 |   340 |   685 ||  1405
